 Dungeon Crawl Stone Soup version 0.30-a0-939-gc8157cb160 (webtiles) character file.

Game seed: 9727745831562648489

30 CrazyBamboolord the Insei (level 3, -1/26 HPs)
             Began as a Merfolk Transmuter on Mar 25, 2023.
             Succumbed to an adder's poison
             ... on level 2 of the Dungeon.
             The game lasted 00:01:35 (1263 turns).

CrazyBamboolord the Insei (Merfolk Transmuter)      Turns: 1263, Time: 00:01:35

Health: -1/26      AC:  2    Str: 10    XL:     3   Next: 20%
Magic:  5/6        EV: 13    Int: 14    God:
Gold:   92         SH:  0    Dex: 14    Spells: 0/6 levels left

rFire   . . .      SeeInvis .      - Unarmed
rCold   . . .      Faith    .    (no shield)
rNeg    . . .      Spirit   .    a - +0 robe
rPois   .          Reflect  .    (no helmet)
rElec   .          Rampage  .    (no cloak)
rCorr   .                        (no gloves)
Will    .....                    (no boots)
Stlth   +                        (no amulet)
HPRegen 0.24/turn                (no ring)
MPRegen 0.10/turn                (no ring)

@: mighty, lethally poisoned (-1 -> -7)
A: (nimble swimmer 2), mertail
a: no special abilities


You were on level 2 of the Dungeon.
You visited 1 branch of the dungeon, and saw 2 of its levels.

You collected 92 gold pieces.

Inventory:

Armour
 a - a +0 robe (worn)
Scrolls
 d - a scroll of fog
 e - 2 scrolls of identify {unknown}
Potions
 b - a potion of lignification


   Skills:
 * Level 1.3 Fighting
 * Level 2.9 Dodging
 * Level 3.9 Unarmed Combat
 * Level 2.3 Spellcasting
 * Level 3.2 Transmutations
 * Level 0.1 Poison Magic


You couldn't memorise any spells.
You knew the following spells:

 Your Spells              Type           Power      Damage    Failure   Level
a - Beastly Appendage     Tmut           20%        N/A       6%          1
b - Wereblood             Tmut           10%        N/A       10%         2
c - Spider Form           Tmut/Pois      6%         N/A       34%         3

Your spell library contained the following spells:

 Spells                   Type           Power      Damage    Failure   Level
 Ice Form                 Ice/Tmut       6%         N/A       75%         4


Dungeon Overview and Level Annotations

Branches:
Dungeon (2/15)

Altars:

Annotations:
D:2 Sigmund


Innate Abilities, Weirdness & Mutations

((You are very nimble when in or above water. (Stealth+, EV+, Speed+++)))
Your lower body shifts to a powerful aquatic tail in water.


Message History

Sigmund casts a spell at you.
You are more confused.
You miss the adder. Your headbutt misses the adder.
Your transformation is almost over.
The adder bites you.
You are poisoned.
The adder poisons you!
You feel sick. The adder bites you.
You bump into the rock wall.
You feel sick. The ball python barely misses you. x2
The adder bites you.
You are more poisoned.
The adder poisons you!
You feel sick.
Okay, then.
You are too confused!
Unknown command.
You are too confused!
It was a potion of cancellation.
Your magical effects are unravelling.
You feel magically purged.
Your horns disappear.
You feel less confused.
You feel sick.
Unknown command.
You feel sick. The adder bites you.
* * * LOW HITPOINT WARNING * * *
The ball python attacks as you move away!
The ball python bites you.
* * * LOW HITPOINT WARNING * * *
The ball python misses you.
You feel sick.
You feel sick. The adder completely misses you.
As you read the scroll labelled IGUNUITIMNO, it crumbles to dust.
The scroll dissolves into smoke.
It was a scroll of fog.
You feel sick.
You are no longer poisoned.
The adder bites you.
* * * LOW HITPOINT WARNING * * *
You are lethally poisoned!
The adder poisons you!
It was a potion of might.
You feel very mighty all of a sudden.
You die...

#### #...... #...
#....... #...
#......# ##...
#......#######.##
..... #......##...
... ..... #......##.#
#.# ..###
#......#.§####.#####
. #..
##...>..@.SS@§§......
#.#
........#####§§..####
###.# ........#
#§§..# #...#
.....@..# #....#
#.... .$......#
###.#########.##.
........#
#..............
........#
###############
........# .........


You could see an adder and a ball python.

Vanquished Creatures
  A dart slug (D:1)
  3 ball pythons
  2 bats
  4 endoplasms
  A giant cockroach (D:1)
  A hobgoblin (D:1)
  2 quokkas (D:1)
  A frilled lizard (D:1)
  6 goblins
  A kobold (D:2)
  3 rats
25 creatures vanquished.

Notes
Turn   | Place    | Note
-------+----------+-------------------------------------------
     0 | D:1      | CrazyBamboolord the Merfolk Transmuter began the quest for
                  | the Orb.
     0 | D:1      | Reached XP level 1. HP: 15/15 MP: 3/3
   337 | D:1      | Reached XP level 2. HP: 21/21 MP: 3/5
   847 | D:2      | Reached XP level 3. HP: 26/26 MP: 4/6
   850 | D:2      | Learned a level 2 spell: Wereblood
   854 | D:2      | Learned a level 3 spell: Spider Form
  1250 | D:2      | Noticed Sigmund
  1262 | D:2      | HP: 1/26 [adder (3)]
  1263 | D:2      | Succumbed to an adder's poison

Illustrated notes

Levels and vault maps discovered:
D:1:      dpeg_arrival_rhombi, layout_basic
D:2:      layout_basic, feat_on_display, uniq_sigmund, uniq_terence

Skill      XL: |  1  2 |
---------------+-------+-----
Transmutations | 3 |  3.2
Fighting       | |  1.3
Dodging        | |  2.9
Unarmed Combat | |  3.9
Spellcasting   | |  2.3
Poison Magic   | |  0.1

Action                     || total
---------------------------++-------
  Melee: Unarmed           ||    75
         Headbutt          ||     6
         Punch             ||     1
   Cast: Beastly Appendage ||    19
    Use: Potion            ||     2
         Scroll            ||     1
 Armour: Robe              ||    16
  Dodge: Dodged            ||    39

Table legend: (Time is in decaauts)
 A = Elapsed time spent in this place.
 B = Non-inter-level travel time spent in this place.
 C = Inter-level travel time spent in this place.
 D = Time resting spent in this place.
 E = Time spent auto-exploring this place.
 F = Levels seen in this place.
 G = Mean time per level.
                   A        B        C        D        E       F      G
               +--------+--------+--------+--------+--------+-----+--------+
         Total |   1258 |   1223 |     35 |      0 |   1029 |   2 |  629.0 |
       Dungeon |   1258 |   1223 |     35 |      0 |   1029 |   2 |  629.0 |
               +--------+--------+--------+--------+--------+-----+--------+

Top non-repeatable levels by time:
     D:1: 792 daAuts
     D:2: 465 daAuts
